 Dungeon Crawl Stone Soup version 0.28.0-45-g0d030f2227 (webtiles) character file.

Game seed: 3355207708350158921

571 DemonSlayer the Firebug (level 7, -4/46 HPs)
             Began as a Demonspawn Fire Elementalist on Apr 2, 2022.
             Engulfed by a steam dragon's steam (8 damage)
             ... on level 4 of the Dungeon.
             The game lasted 00:10:41 (5038 turns).

DemonSlayer the Firebug (DsFE)                      Turns: 5038, Time: 00:10:41

Health: -4/46      AC:  5    Str:  8    XL:     7   Next: 12%
Magic:  4/14       EV: 12    Int: 18    God:
Gold:   219        SH:  0    Dex: 14    Spells: 0/15 levels left

rFire   . . .      SeeInvis .   c - +0 dagger
rCold   . . .      Faith    .   (no shield)
rNeg    . . .      Spirit   .   a - +0 robe
rPois   .          Reflect  .   (helmet restricted)
rElec   .          Harm     .   (no cloak)
rCorr   .          Rampage  .   (no gloves)
Will    .....                   (no boots)
Stlth   ++........              (no amulet)
HPRegen 0.15/turn               (no ring)
MPRegen 0.14/turn               (no ring)

@: mighty
A: horns 2, yellow scales 2, spiny 1
a: no special abilities


You were on level 4 of the Dungeon.
You visited 1 branch of the dungeon, and saw 5 of its levels.

You collected 219 gold pieces.

Inventory:

Hand Weapons
 c - a +0 dagger (weapon)
Missiles
 f - 5 atropa-tipped darts
Armour
 a - a +0 robe (worn)
Scrolls
 d - a scroll of noise {unknown}
 e - 3 scrolls of identify {unknown}
 g - 3 scrolls of teleportation {unknown}
 h - a scroll of enchant armour {unknown}
 m - a scroll of enchant weapon {unknown}
 n - a scroll of silence {unknown}
 o - 3 scrolls of vulnerability {unknown}
Potions
 b - a potion of lignification {unknown}
 i - 2 potions of haste {unknown}
 j - a potion of might
 k - a potion of flight {unknown}
 l - a potion of heal wounds {unknown}
 p - a potion of berserk rage {unknown}


   Skills:
 + Level 0.1 Fighting
 + Level 0.9 Short Blades
 + Level 2.6 Dodging
 + Level 2.7 Stealth
 + Level 4.6 Spellcasting
 + Level 1.8 Conjurations
 + Level 4.9 Fire Magic


You couldn't memorise any spells.
You knew the following spells:

 Your Spells              Type           Power      Damage    Failure   Level
a - Foxfire               Conj/Fire      64%        2x1d7     3%          1
b - Scorch                Fire           44%        2d7       2%          2
c - Conjure Flame         Conj/Fire      16%        6-21      11%         3
d - Inner Flame           Hex/Fire       13%        N/A       16%         3
e - Flame Wave            Conj/Fire      16%        2d6       34%         4
f - Blink                 Tloc           8%         N/A       21%         2

Your spell library contained the following spells:

 Spells                   Type           Power      Damage    Failure   Level
 Animate Skeleton         Necr           8%         N/A       14%         1
 Pain                     Necr           16%        1d4       14%         1
 Lesser Beckoning         Tloc           4%         N/A       38%         3
 Vampiric Draining        Necr           4%         2d6       38%         3
 Manifold Assault         Tloc           4%         N/A       98%         5
 Dispersal                Tloc           2%         N/A       100%        6
 Disjunction              Tloc           2%         N/A       100%        8


Dungeon Overview and Level Annotations

Branches:
Dungeon (5/15)
 Temple: D:4-7

Altars:
Ashenzari
Gozag
Nemelex Xobeh
Vehumet

Shops:
D:2 :[=

Annotations:
D:3 2 transporters, dangdung's ghost, weakling OpTm


Innate Abilities, Weirdness & Mutations

You have a pair of horns on your head.
You are mostly covered in yellow scales. (AC +3)
You are partially covered in sharp spines.


Message History

An adder is nearby!
Flames lash the adder.
The adder hisses angrily.
The adder is heavily wounded.
The adder's fire resistance burns away.
You hear an angry hiss.
Flames lash the adder.
The adder is burned terribly!
You kill the adder!
A steam dragon comes into view.
A steam dragon is nearby!
A steam dragon is nearby!
A steam dragon is nearby!
A steam dragon is nearby!
Flames lash the steam dragon.
The steam dragon hisses angrily.
The steam dragon is lightly wounded.
The steam dragon's fire resistance burns away.
Flames lash the steam dragon.
The steam dragon is lightly wounded.
The steam dragon bites you. The steam dragon claws you.
Flames lash the steam dragon.
The steam dragon is burned terribly!
The steam dragon is moderately wounded.
The steam dragon is struck by your spines.
The steam dragon closely misses you. The steam dragon misses you.
Flames lash the steam dragon.
The steam dragon is burned terribly!
The steam dragon is heavily wounded.
The steam dragon barely misses you. The steam dragon claws you.
Flames lash the steam dragon.
The steam dragon is burned terribly!
The steam dragon is severely wounded.
The steam dragon breathes steam at you. The ball of steam hits you!!
You hear a shout!
The steam dragon breathes steam at you. The ball of steam hits you!
* * * LOW HITPOINT WARNING * * *
Okay, then.
It was a potion of might.
You feel very mighty all of a sudden.
You are engulfed in a cloud of scalding steam.
You die...

###### ....# ...# ###D## #.@§.#
##### #§...###### #### ##...##
#..§##....## ##..# #.....#
#.§§.......# #.... #.....#
#..§§......# #.... ##...##
######....######...
##...########...##....##..##...
#...÷'†).)......#..............
##..<##.........#..............


You could see a steam dragon (catching breath, combustible).

Vanquished Creatures
  2 ogres
  A bullfrog (D:4)
  A howler monkey (D:4)
  2 orc priests (D:4)
  2 orc wizards
  3 gnolls (D:4)
  10 adders
  A worm (D:2)
  2 dart slugs
  9 orcs
  4 ball pythons
  8 endoplasms
  3 giant cockroaches
  4 goblins
  4 hobgoblins
  5 kobolds
  2 quokkas
  3 bats
  5 frilled lizards
  3 rats
74 creatures vanquished.

Vanquished Creatures (collateral kills)
  4 foxfires (D:1)
4 creatures vanquished.

Vanquished Creatures (others)
  94 foxfires
  6 plants (D:1)
100 creatures vanquished.

Grand Total: 178 creatures vanquished

Notes
Turn   | Place    | Note
-------+----------+-------------------------------------------
     0 | D:1      | DemonSlayer the Demonspawn Fire Elementalist began the
                  | quest for the Orb.
     0 | D:1      | Reached XP level 1. HP: 13/13 MP: 3/3
   286 | D:1      | Found a faded altar of an unknown god.
   416 | D:1      | Gained mutation: You have a pair of small horns on your
                  | head. [demonic ancestry]
   416 | D:1      | Reached XP level 2. HP: 19/19 MP: 0/5
  1435 | D:1      | Learned a level 2 spell: Scorch
  1695 | D:2      | Gained mutation: You are partially covered in yellow
                  | scales. (AC +2) [demonic ancestry]
  1695 | D:2      | Reached XP level 3. HP: 24/24 MP: 1/6
  2062 | D:2      | Found Heuly's Book Shop.
  2201 | D:2      | Found Uqiryn's Armour Boutique.
  2211 | D:2      | Found Pacuic's Jewellery Emporium.
  2232 | D:2      | Gained mutation: You have a pair of horns on your head.
                  | [demonic ancestry]
  2232 | D:2      | Reached XP level 4. HP: 30/30 MP: 4/7
  2641 | D:3      | Noticed dangdung's ghost (weakling OpTm)
  2642 | D:3      | Found a transporter.
  2644 | D:3      | Identified the +2 giant club of Tension {freeze, rC+}
  2644 | D:3      | Noticed an ogre
  2650 | D:3      | Found a transporter.
  3293 | D:3      | Found a large runed translucent door.
  3297 | D:3      | Found a large runed translucent door.
  3686 | D:3      | Gained mutation: You are partially covered in sharp spines.
                  | [demonic ancestry]
  3686 | D:3      | Reached XP level 5. HP: 19/35 MP: 1/9
  3919 | D:3      | Found a sparkling altar of Nemelex Xobeh.
  3922 | D:3      | Found a broken altar of Ashenzari.
  3965 | D:4      | Learned a level 3 spell: Conjure Flame
  3969 | D:4      | Learned a level 3 spell: Inner Flame
  4053 | D:4      | Found an opulent altar of Gozag.
  4385 | D:4      | Reached XP level 6. HP: 35/41 MP: 5/11
  4485 | D:5      | Entered Level 5 of the Dungeon
  4794 | D:4      | Gained mutation: You are mostly covered in yellow scales.
                  | (AC +3) [demonic ancestry]
  4794 | D:4      | Reached XP level 7. HP: 46/46 MP: 6/13
  4856 | D:4      | Found a radiant altar of Vehumet.
  4961 | D:4      | Learned a level 4 spell: Flame Wave
  4964 | D:4      | Learned a level 2 spell: Blink
  5031 | D:4      | Noticed a steam dragon
  5038 | D:4      | Engulfed by a steam dragon's steam

Illustrated notes

Levels and vault maps discovered:
D:1:      denvon_arrival_planthouse, layout_rooms, serial_forest,
          infiniplex_forest_end_2, infiniplex_forest_zigzag_1,
          infiniplex_forest_lined_room_2, infiniplex_forest_end_double,
          infiniplex_forest_clump_medium, infiniplex_forest_lined_1,
          infiniplex_forest_lined_2, infiniplex_forest_end_2,
          infiniplex_forest_straight_3, shapermc_ecumenical_altar_flowoftime,
          lemuel_flame_loot_1
D:2:      layout_loops_ring, serial_shops, shop, shop_statue, shop
D:3:      layout_loops_corners, jmf_multi_god_temple2, gammafunk_ghost_smash,
          nicolae_figureground_sparkle
D:4:      layout_gridville, lemuel_tele_altar, okawaru_metal_pillars_1_2,
          mainiacjoe_overflow_alcove_2, uniq_eustachio
D:5:      layout_loops_ring, nicolae_yredelemnul_corpse_copse, bloody_makhleb,
          nicolae_wu_jian_immortal_techniques, mainiacjoe_overflow_paths,
          minmay_temple_entry_trees, serial_undead, serial_undead_a,
          serial_undead_d, serial_undead_b, serial_undead_f, hex_tiny,
          uniq_prince_ribbit1

Skill      XL: |  1  2  3  4  5  6 |
---------------+-------------------+-----
Fire Magic     | 3 4 |  4.9
Dodging        | 2 |  2.6
Stealth        | 2 |  2.7
Spellcasting   | 3 4 |  4.6
Fighting       | |  0.1
Short Blades   | |  0.9
Conjurations   | |  1.8

Action                   |  1- 3 |  4- 6 |  7- 9 || total
-------------------------+-------+-------+-------++-------
Melee: Dagger            |    43 |    19 |       ||    62
       Punch             |     1 |     1 |       ||     2
       Unarmed           |     1 |       |       ||     1
       Headbutt          |    10 |     6 |       ||    16
Throw: Dart              |       |     1 |       ||     1
 Cast: Foxfire           |    41 |    27 |       ||    68
       Scorch            |    16 |    49 |     8 ||    73
  Use: Potion            |       |       |     1 ||     1
 Stab: Sleeping          |     3 |     2 |       ||     5
Armor: Robe              |     9 |    12 |       ||    21
Dodge: Dodged            |    19 |    19 |     3 ||    41
